 Dungeon Crawl Stone Soup version 0.31.0-1-g2c135a008e (webtiles) character file.

Game seed: 6750645245049373706

293 GreatBamboolord the Shooter (level 6, -1/47 HPs)
             Began as a Demonspawn Hunter on Jan 20, 2024.
             Slain by a black bear (5 damage)
             ... on level 4 of the Dungeon.
             The game lasted 00:03:17 (2247 turns).

GreatBamboolord the Shooter (Demonspawn Hunter)     Turns: 2247, Time: 00:03:17

Health: -1/47      AC:  3    Str: 11    XL:     6   Next: 11%
Magic:  6/6        EV: 13    Int: 10    God:
Gold:   123        SH:  0    Dex: 18    Spells: 5/5 levels left

rFire   . . .        a - +0 shortbow
rCold   . . .        (shield currently unavailable)
rNeg    + . .        c - +0 leather armour
rPois   +            (no helmet)
rElec   .            (no cloak)
rCorr   .            (no gloves)
SInv    .            (no boots)
Will    .....        o - amulet of regeneration
Stlth   ++           p - ring of poison resistance
HPRegen 1.07/turn    n - ring of positive energy
MPRegen 0.10/turn

%: no passive effects
@: no status effects
A: powered by pain 2, spiny 3
a: no special abilities


You were on level 4 of the Dungeon.
You visited 1 branch of the dungeon, and saw 4 of its levels.

You collected 123 gold pieces.

Inventory:

Hand Weapons
 a - a +0 shortbow (weapon)
Armour
 c - a +0 leather armour (worn)
Jewellery
 n - a ring of positive energy (right hand)
 o - an amulet of regeneration (around neck)
 p - a ring of poison resistance (left hand)
Wands
 j - a wand of flame (14)
 q - a wand of polymorph (8)
Scrolls
 b - 3 scrolls of butterflies
 d - a scroll of identify
 e - a scroll of poison
 f - 2 scrolls of enchant weapon
 i - a scroll of blinking {unknown}
 l - a scroll of brand weapon {unknown}
Potions
 g - a potion of heal wounds {unknown}
 h - a potion of degeneration
 k - a potion of berserk rage {unknown}
 m - a potion of cancellation {unknown}


   Skills:
 + Level 3.6 Fighting
 + Level 4.5 Ranged Weapons
 + Level 3.2 Dodging
 + Level 3.1 Stealth


You had 5 spell levels left.
You didn't know any spells.
Your spell library was empty.

Dungeon Overview and Level Annotations

Branches:
Dungeon (4/15)
 Temple: D:4-7

Altars:


Innate Abilities, Weirdness & Mutations

You sometimes gain power by taking damage.
You are completely covered in sharp spines.


Message History

The black bear is lightly wounded.
The black bear is struck by your spines.
The black bear bites you. The black bear misses you.
The black bear claws you but does no damage.
You shoot an arrow. The arrow hits the black bear.
The black bear is moderately wounded.
You hear an angry growl.
The black bear is struck by your spines.
The black bear bites you. The black bear barely misses you.
The black bear claws you.
You shoot an arrow. The arrow hits the black bear.
The black bear is almost dead.
The black bear goes berserk!
A black bear comes into view.
You shoot an arrow.
The arrow closely misses the black bear.
The black bear is struck by your spines.
The black bear bites you! The black bear completely misses you.
The black bear barely misses you.
The black bear is struck by your spines.
The black bear closely misses you. The black bear claws you. x2
You shoot an arrow. The arrow barely misses the black bear.
The black bear bites you. The black bear claws you. x2
* * * LOW HITPOINT WARNING * * *
The black bear bites you.
* * * LOW HITPOINT WARNING * * *
The black bear claws you.
* * * LOW HITPOINT WARNING * * *
The black bear claws you.
* * * LOW HITPOINT WARNING * * *
The black bear is struck by your spines.
The black bear closely misses you.
The black bear claws you but does no damage.
The black bear barely misses you.
You shoot an arrow.
The arrow closely misses the black bear.
The black bear is struck by your spines.
You kill the black bear!
The black bear bites you.
You die...

###.. .[... ..#
# ..$. ...#
#.#..# .#..##
.#.. ......
..### ..
#....###†..#.##
#^....#h@#.....
#......#
#...##...#
#..## #....#
##.## ...##
##..### ...#
#.....# #.#
##.###.# .. #
#..# .# .


You could see a black bear.

Vanquished Creatures
  A black bear (D:4)
  An ogre (D:4)
  Natasha (thrice) (D:3)
  5 adders
  A ribbon worm (D:3)
  3 dart slugs
  6 orcs (D:3)
  6 endoplasms
  5 giant cockroaches
  6 goblins
  7 hobgoblins
  8 jackals
  6 quokkas
  5 ball pythons
  2 bats (D:1)
  3 frilled lizards
  3 kobolds
  6 rats
77 creatures vanquished.

Notes
Turn   | Place    | Note
-------+----------+-------------------------------------------
     0 | D:1      | GreatBamboolord the Demonspawn Hunter began the quest for
                  | the Orb.
     0 | D:1      | Reached XP level 1. HP: 16/16 MP: 1/1
   114 | D:1      | Reached skill level 1 in Stealth
   178 | D:1      | Gained mutation: You sometimes gain a little power by
                  | taking damage. [demonic ancestry]
   178 | D:1      | Reached XP level 2. HP: 22/22 MP: 2/2
   505 | D:1      | Gained mutation: You are partially covered in sharp spines.
                  | [demonic ancestry]
   505 | D:1      | Reached XP level 3. HP: 28/28 MP: 3/3
   599 | D:1      | You fall into a shaft and drop 1 floor!
  1018 | D:3      | Reached skill level 4 in Ranged Weapons
  1188 | D:3      | Gained mutation: You are mostly covered in sharp spines.
                  | [demonic ancestry]
  1188 | D:3      | Reached XP level 4. HP: 33/34 MP: 4/4
  1335 | D:3      | Noticed Natasha
  1340 | D:3      | Killed Natasha
  1441 | D:3      | Noticed Natasha
  1494 | D:3      | Killed Natasha
  1495 | D:3      | Gained mutation: You sometimes gain power by taking damage.
                  | [demonic ancestry]
  1495 | D:3      | Reached XP level 5. HP: 16/41 MP: 5/5
  2128 | D:3      | Noticed Natasha
  2136 | D:3      | Killed Natasha
  2162 | D:4      | Noticed an ogre
  2168 | D:4      | Killed an ogre
  2169 | D:4      | Gained mutation: You are completely covered in sharp
                  | spines. [demonic ancestry]
  2169 | D:4      | Reached XP level 6. HP: 21/47 MP: 6/6
  2247 | D:4      | Slain by a black bear

Illustrated notes

Levels and vault maps discovered:
D:1:      matt_arrival_refuge, layout_loops_ring
D:2:      layout_rooms
D:3:      layout_basic, nicolae_the_louvre, uniq_natasha
D:4:      layout_rooms

Skill      XL: |  1  2  3  4  5 |
---------------+----------------+-----
Stealth        | 1 2 3 |  3.1
Dodging        | 2 3 |  3.2
Ranged Weapons | 4 |  4.5
Fighting       | 3 |  3.6

Action                     |  1- 3 |  4- 6 || total
---------------------------+-------+-------++-------
  Melee: Unarmed           |       |     5 ||     5
   Fire: Shortbow          |   112 |    94 ||   206
    Use: Scroll            |       |     3 ||     3
 Armour: Leather armour    |    41 |    22 ||    63
         Skin              |       |     4 ||     4
  Dodge: Dodged            |    30 |    28 ||    58
